 Dungeon Crawl Stone Soup version 0.29.1-12-g30fa7ad0bf (webtiles) character file.

Game seed: 2111121492390377985

114 MisterFreud the Twirler (level 5, 0/38 HPs)
             Began as a Formicid Gladiator on Dec 16, 2022.
             Slain by an orc
             ... wielding a +0 whip of freezing
              (1 damage)
             ... on level 3 of the Dungeon.
             The game lasted 00:02:16 (2520 turns).

MisterFreud the Twirler (Formicid Gladiator)        Turns: 2520, Time: 00:02:17

Health: 0/38       AC:  4    Str: 18    XL:     5   Next: 19%
Magic:  5/5        EV: 12    Int:  8    God:
Gold:   114        SH:  0    Dex: 17    Spells: 4/4 levels left

rFire   . . .      SeeInvis +   a - +0 quarterstaff
rCold   . . .      Faith    .   (no shield)
rNeg    . . .      Spirit   .   b - +0 leather armour
rPois   .          Reflect  .   (helmet unavailable)
rElec   .          Harm     .   j - +0 cloak
rCorr   .          Rampage  .   (no gloves)
Will    .....                   (no boots)
Stlth   +.........              (no amulet)
HPRegen 0.12/turn               (no ring)
MPRegen 0.09/turn               (no ring)

@: no status effects
A: permanent stasis, dig shafts and tunnels, antennae 3, four strong arms
a: Dig, Shaft Self


You were on level 3 of the Dungeon.
You visited 1 branch of the dungeon, and saw 3 of its levels.

You collected 114 gold pieces.

Inventory:

Hand Weapons
 a - a +0 quarterstaff (weapon)
Missiles
 c - 3 throwing nets (quivered)
 d - a javelin
Armour
 b - a +0 leather armour (worn)
 j - a +0 cloak (worn)
Jewellery
 i - a ring of ice
Potions
 f - a potion of might
 g - 4 potions of curing
 h - 2 potions of heal wounds
 k - a potion of brilliance
 m - a potion of resistance


   Skills:
 - Level 2.1 Fighting
 + Level 5.5 Staves
 - Level 2.0 Throwing
 - Level 2.6 Dodging


You had 4 spell levels left.
You didn't know any spells.
Your spell library contained the following spells:

 Spells                   Type           Power      Damage    Failure   Level
 Sublimation of Blood     Necr           0%         N/A       61%         2
 Wereblood                Tmut           0%         N/A       61%         2
 Summon Hydra             Summ           0%         N/A       100%        7


Dungeon Overview and Level Annotations

Branches:
Dungeon (3/15)

Altars:
Zin


Innate Abilities, Weirdness & Mutations

You cannot be hasted, slowed, berserked, paralysed or teleported.
You can dig through walls and to a lower floor.
You have a pair of large antennae on your head. (SInv)
Your four strong arms can wield two-handed weapons with a shield.


Message History

The orc misses you.
The orc wizard points at you and mumbles some strange words.
You are confused.
You hit the orc wizard.
The orc wizard is almost dead.
The orc barely misses you.
You're too confused to move!
The orc hits you with a +0 whip of freezing.
The orc freezes you.
* * * LOW HITPOINT WARNING * * *
The orc wizard hits you with a +0 dagger.
* * * LOW HITPOINT WARNING * * *
The orc hits you with a +0 dagger.
* * * LOW HITPOINT WARNING * * *
Unknown command.
You sock the orc wizard!
You kill the orc wizard!
The orc hits you with a +0 whip of freezing.
* * * LOW HITPOINT WARNING * * *
The orc freezes you.
* * * LOW HITPOINT WARNING * * *
The orc hits you but does no damage.
You have reached level 5!
Unknown command.
Unknown command.
You feel better. The orc barely misses you. The orc closely misses you.
The orc hits you with a +0 whip of freezing.
* * * LOW HITPOINT WARNING * * *
The orc freezes you.
* * * LOW HITPOINT WARNING * * *
The orc attacks as you move away! The orc hits you but does no damage.
An orc comes into view. It is wielding a +0 club.
The orc attacks as you move away! The orc barely misses you.
The orc attacks as you move away! The orc hits you with a +0 dagger.
* * * LOW HITPOINT WARNING * * *
The orc attacks as you move away!
The orc hits you with a +0 whip of freezing.
* * * LOW HITPOINT WARNING * * *
The orc freezes you.
You die...

.. ##.# ... ..# ....
#.# .....##.##
.......).# #.)##
######### o#.##...###
#.......# .........o.#
#.......#
.........o@###.......#
#.........[......)<..#
##.........###.......#
#.........# #.......#
#.>.......# #.......#
###..###### #.......#
##. #.......# #
#.....[.# #########


You could see 2 orcs.

Vanquished Creatures
  An orc wizard (D:3)
  5 adders
  A worm (D:3)
  A dart slug (D:1)
  2 orcs (D:3)
  3 ball pythons
  4 bats
  5 endoplasms
  4 goblins
  A hobgoblin (D:3)
  4 kobolds (D:1)
  A quokka (D:1)
  4 frilled lizards
  4 rats (D:1)
40 creatures vanquished.

Notes
Turn   | Place    | Note
-------+----------+-------------------------------------------
     0 | D:1      | MisterFreud the Formicid Gladiator began the quest for the
                  | Orb.
     0 | D:1      | Reached XP level 1. HP: 16/16 MP: 1/1
   292 | D:1      | Reached XP level 2. HP: 20/22 MP: 2/2
   786 | D:1      | Reached skill level 4 in Staves
   786 | D:1      | Reached XP level 3. HP: 24/27 MP: 3/3
  1080 | D:2      | HP: 1/27 [poisoned by an adder]
  1613 | D:2      | Found a glowing silver altar of Zin.
  1693 | D:2      | Reached XP level 4. HP: 28/33 MP: 4/4
  1897 | D:2      | You fall into a shaft and drop 1 floor!
  2331 | D:3      | Reached skill level 5 in Staves
  2515 | D:3      | Reached XP level 5. HP: 2/38 MP: 5/5
  2520 | D:3      | HP: 1/38 [orc/+0 whip of freezing (1)]
  2520 | D:3      | Slain by an orc

Illustrated notes

Levels and vault maps discovered:
D:1:      minmay_arrival_pointy, layout_basic
D:2:      layout_loops_ring, basic_altar
D:3:      layout_rooms, hellmonk_ecumenical_altar_lost_god

Skill      XL: |  1  2  3  4 |
---------------+-------------+-----
Staves         | 4 5 |  5.5
Fighting       | |  2.1
Throwing       | |  2.0
Dodging        | |  2.6

Action                   |  1- 3 |  4- 6 || total
-------------------------+-------+-------++-------
Melee: Quarterstaff      |    87 |    47 ||   134
       Punch             |     1 |       ||     1
 Abil: Shaft Self        |       |     1 ||     1
  Use: Scroll            |     7 |     2 ||     9
       Potion            |       |     1 ||     1
 Stab: Sleeping          |     1 |       ||     1
Armor: Leather armour    |    24 |    10 ||    34
Dodge: Dodged            |    54 |    34 ||    88
